Map: King Sejong Station LE

Players

SkyKiller - Winner!

  • Race: Terran Terran
  • League: Gold

Oric

  • Race: Zerg Zerg
  • League: Silver

VOD

Have the link to the VOD?

Description

Time

  • Played on: July 12, 2016, 3:20 p.m.
  • Length: 27:58
Show
View Real Time Build Order
Export as new Build Order

SkyKiller Terran - Winner!

Build Orders:  

Get SALT Encoding   

  12  0:01  SCV  
  13  0:14  SCV  
  14  0:18  Supply Depot  
  14  0:26  SCV  
  15  0:39  SCV  
  15  0:41  Barracks  
  16  0:51  SCV  
  17  1:03  Refinery  
  17  1:06  SCV  
  17  1:10  Refinery  
  18  1:18  SCV  
  19  1:29  Supply Depot  
  19  1:32  Orbital Command  
  19  1:42  Reaper  
  20  1:58  SCV  
  20  2:00  Factory  
  21  2:10  SCV  
  22  2:22  SCV, Command Center  
  23  2:35  SCV  
  24  2:41  Marine  
  25  2:56  SCV  
  26  2:59  Factory Tech Lab  
  26  3:00  Starport  
  26  3:02  Barracks Tech Lab  
  26  3:06  Barracks, Marine  
  26  3:08  SCV  
  28  3:17  Widow Mine  
  30  3:20  SCV  
  31  3:33  SCV  
  32  3:41  Supply Depot  
  32  3:44  Barracks Reactor  
  32  3:57  Marine  
  33  4:08  Bunker  
  33  4:12  Banshee  
  33  4:14  Cloaking Field  
  33  4:15  SCV  
  37  4:18  Factory Reactor  
  37  4:22  Marine x2  
  37  4:24  Barracks Tech Lab  
  39  4:45  Factory Tech Lab  
  39  4:47  Marine x2, Marauder  
  43  4:54  Orbital Command  
  43  4:55  Banshee  
  46  5:01  Supply Depot  
  46  5:02  SCV  
  46  5:05  Siege Tank  
  50  5:13  Bunker  
  50  5:15  Marine x2, Marauder  
  54  5:22  Engineering Bay  
  54  5:24  Engineering Bay  
  54  5:26  SCV  
  54  5:27  SCV  
  56  5:38  Siege Tank  
  59  5:56  Marauder  
  61  5:58  SCV, Barracks  
  62  6:08  Missile Turret  
  62  6:10  Supply Depot x2  
  62  6:31  SCV  
  63  6:33  Marine  
  63  6:34  Marine  
  65  6:54  Liberator  
  65  7:04  SCV x2  
  65  7:07  Command Center, Barracks Reactor  
  69  7:08  Marauder  
  69  7:09  Siege Tank, Marauder  
  77  7:23  SCV  
  77  7:27  Terran Infantry Weapons Level 1, Terran Infantry Armor Level 1  
  78  7:32  Supply Depot  
  78  7:33  Supply Depot  
  78  7:36  Liberator  
  78  7:53  SCV, Liberator, Marine x2  
  84  8:06  Marine x2  
  84  8:11  SCV x2, Marine x2  
  93  8:20  Missile Turret  
  93  8:30  Orbital Command  
  93  8:32  SCV x2  
  95  8:35  Refinery  
  95  8:36  Medivac  
  97  8:53  Viking  
  99  9:06  Medivac  
  101  9:13  Orbital Command  
  101  9:26  Siege Tank, Medivac  
  106  9:34  Armory  
  106  9:39  SCV  
  107  9:49  Marine x2  
  107  9:52  Combat Shields  
  109  9:53  Stimpack  
  109  9:58  Supply Depot  
  109  9:59  Supply Depot  
  109  10:19  Marine  
  109  10:20  Marauder  
  112  10:22  Supply Depot  
  112  10:24  Supply Depot  
  112  10:30  Refinery  
  112  10:31  Liberator  
  112  10:43  Bunker  
  112  10:46  Siege Tank  
  118  10:50  SCV x2  
  120  11:08  Bunker  
  120  11:14  Orbital Command  
  120  11:22  SCV x2  
  122  11:40  Marine x3  
  122  11:41  Marauder  
  122  11:43  Terran Infantry Weapons Level 2, Terran Infantry Armor Level 2  
  127  11:50  Barracks  
  127  11:51  Barracks  
  109  12:57  Marine x4  
  109  12:58  Marine x2  
  115  13:09  Orbital Command  
  115  13:15  Marine  
  116  13:37  Barracks Tech Lab  
  116  13:41  Medivac x2  
  116  13:45  Supply Depot x2  
  117  14:05  Terran Infantry Armor Level 3, Terran Infantry Weapons Level 3  
  117  14:06  Marine x2  
  117  14:08  Marauder x2  
  120  14:18  Barracks Reactor  
  120  14:22  Refinery  
  119  14:47  Marine x3  
  119  14:48  Marine  
  119  14:49  Marauder  
  119  14:50  Medivac  
  119  14:51  Siege Tank, Medivac  
  132  15:06  Marine x4  
  136  15:07  Marine  
  136  15:08  Marauder  
  136  15:10  Marauder  
  141  15:25  Marauder  
  141  15:26  Marine x2  
  145  15:29  Marauder  
  145  15:32  Marauder  
  148  15:36  Marine x2  
  148  15:40  Refinery  
  150  15:47  Marauder  
  152  15:54  Marine x3  
  152  15:55  Marauder  
  157  16:00  Marine x2  
  95  17:23  Marine x2  
  95  17:24  Marine x5  
  99  17:41  Marine  
  99  17:46  Marine  
  99  17:47  Marine x4  
  99  17:48  Marauder  
  106  18:07  Marine  
  106  18:08  Marine x5  
  106  18:09  Marauder  
  114  18:25  Marine x3  
  114  18:26  Marine x3  
  120  18:27  Barracks  
  120  18:28  Barracks  
  120  18:30  Marauder  
  120  18:34  Medivac  
  120  18:35  Medivac  
  106  19:14  Marine x5  
  111  19:22  Barracks Reactor  
  111  19:35  Marine x4  
  111  19:36  Barracks Reactor  
  115  19:40  Siege Tank  
  118  19:46  Command Center  
  118  19:51  Marauder x3  
  124  20:03  Marine x4  
  124  20:04  Marine x2  
  102  20:29  Marine x2  
  102  20:30  Marine x6  
  102  20:31  Marauder x2  
  114  20:44  Medivac x2  
  114  20:45  Marine  
  114  20:47  Marine  
  120  20:58  Marine x2  
  120  20:59  Marine x5  
  120  21:00  Marauder x2  
  120  21:01  Terran Vehicle Weapons Level 1  
  131  21:16  Medivac x2  
  131  21:17  Marine x6  
  131  21:18  Marine x2  
  141  21:19  Marauder  
  145  21:32  Marine x2  
  146  21:35  Marine  
  102  22:01  Marine x4  
  102  22:02  Marine x5  
  102  22:03  Marauder x2  
  115  22:09  Medivac x2  
  115  22:15  Hellion  
  121  22:16  Infernal Pre-Igniter  
  121  22:26  Marine x3  
  121  22:27  Marine x5  
  121  22:28  Marauder  
  131  22:31  Marine x2  
  131  22:37  Hellion  
  135  22:44  Marine x4  
  139  22:58  Hellion  
  141  23:12  Marine x5  
  143  23:13  Marine x2  
  143  23:14  Marauder x3, Marine  
  143  23:15  Medivac x2  
  143  23:19  Hellion  
  160  23:28  Liberator x2  
  160  23:40  Siege Tank  
  169  23:53  Starport  
  135  25:18  Marine x5  
  140  25:27  Barracks Reactor  
  137  25:35  Marine  
  137  25:36  Marine  
  122  26:25  Marine x5  
  125  26:26  Marine x2, Marauder  
  125  26:27  Marauder  
  131  26:56  Marine x3  
  131  26:57  Marine x2, Marauder  
Show
View Real Time Build Order
Export as new Build Order

Oric Zerg 

Build Orders: Hatch First 

Get SALT Encoding   

  12  0:02  Drone  
  13  0:09  Drone  
  14  0:17  Overlord  
  14  0:35  Drone  
  14  0:36  Drone x2  
  17  0:53  Hatchery  
  16  0:57  Drone  
  17  1:11  Spawning Pool  
  16  1:14  Drone  
  16  1:17  Drone  
  18  1:22  Drone  
  19  1:29  Overlord  
  19  1:43  Drone  
  20  1:53  Drone  
  21  2:02  Zergling x2  
  21  2:04  Spine Crawler  
  21  2:05  Queen x2  
  21  2:07  Zergling x2  
  26  2:13  Zergling x2  
  27  2:27  Drone  
  28  2:40  Queen  
  28  2:41  Queen  
  32  2:47  Drone x4  
  36  3:00  Overlord x2  
  36  3:28  Overlord  
  36  3:29  Overlord  
  36  3:30  Drone x9  
  44  3:44  Drone x2  
  46  3:53  Overlord x2  
  46  3:54  Drone x3  
  49  3:56  Extractor  
  49  3:58  Extractor  
  49  4:02  Drone x3  
  50  4:04  Extractor  
  50  4:07  Extractor  
  48  4:18  Evolution Chamber  
  48  4:19  Evolution Chamber  
  46  4:24  Roach Warren  
  45  4:36  Spore Crawler  
  45  4:38  Spore Crawler  
  43  4:43  Drone x3  
  43  4:44  Drone x2  
  48  4:48  Lair  
  48  4:51  Drone  
  48  4:52  Drone x5  
  54  5:06  Drone  
  55  5:10  Zerg Missile Weapons Level 1  
  55  5:11  Zerg Ground Armor Level 1  
  55  5:13  Hatchery  
  54  5:15  Pneumatized Carapace  
  54  5:16  Overlord  
  54  5:18  Roach x2  
  58  5:21  Overlord  
  58  5:46  Glial Reconstitution  
  58  5:48  Roach x6  
  58  5:49  Roach x4  
  78  5:59  Spore Crawler  
  78  6:01  Spine Crawler  
  78  6:03  Roach  
  78  6:04  Roach x2  
  82  6:17  Roach x4  
  82  6:18  Roach  
  92  6:27  Roach x4  
  100  6:35  Overseer  
  100  6:38  Overseer  
  100  6:43  Overseer x2  
  100  7:10  Overseer  
  100  7:14  Ravager x2  
  100  7:15  Ravager x3  
  105  7:33  Hydralisk Den  
  104  7:40  Drone x2  
  104  7:44  Overlord x4  
  106  7:59  Zerg Missile Weapons Level 2  
  106  8:00  Zerg Ground Armor Level 2  
  106  8:01  Hatchery, Queen x3  
  111  8:07  Drone x2  
  113  8:18  Ravager x2  
  113  8:19  Ravager  
  116  8:20  Overlord x4  
  116  8:32  Drone x11, Extractor  
  116  8:33  Drone x2  
  128  8:34  Extractor  
  128  8:38  Hydralisk x2  
  131  9:07  Spore Crawler  
  130  9:10  Hydralisk, Spore Crawler  
  130  9:11  Hydralisk x7  
  145  9:23  Zergling x2  
  145  9:24  Zergling x4  
  148  9:37  Hatchery  
  147  9:45  Drone x12  
  159  9:49  Hydralisk x2  
  163  9:53  Metabolic Boost  
  163  9:57  Overlord  
  163  10:11  Overlord  
  163  10:12  Overlord x3  
  163  10:25  Hydralisk x2, Muscular Augments  
  164  10:42  Roach  
  176  10:43  Roach x10  
  186  10:54  Ravager  
  186  10:55  Ravager  
  183  11:05  Hydralisk x7  
  183  11:06  Hydralisk  
  199  11:13  Overseer x4  
  199  11:17  Zergling x2  
  200  11:18  Overlord x2  
  200  11:19  Overlord  
  200  11:23  Extractor  
  200  11:25  Extractor  
  198  11:45  Lurker Den  
  198  11:47  Zerg Melee Weapons Level 1  
  198  11:54  Zergling x2  
  198  11:55  Infestation Pit, Overlord x2, Zergling x2  
  198  11:56  Overlord x2  
  199  12:28  Spine Crawler  
  198  12:31  Spore Crawler x2  
  198  12:34  Spore Crawler  
  176  12:55  Infestor  
  176  12:56  Infestor x4  
  186  13:19  Pathogen Glands  
  198  13:22  Hive  
  198  13:35  Lurker  
  199  14:03  Overseer  
  199  14:23  Burrow  
  199  14:38  Lurker  
  200  14:56  Extractor  
  200  14:59  Extractor  
  198  15:04  Spine Crawler x2  
  198  15:05  Spine Crawler  
  195  15:07  Spine Crawler x2  
  193  15:28  Spire  
  192  15:31  Spire, Neural Parasite  
  191  15:42  Zerg Missile Weapons Level 3  
  191  15:44  Zerg Ground Armor Level 3  
  191  15:50  Ultralisk Cavern  
  184  16:37  Spore Crawler  
  164  16:40  Spore Crawler  
  164  16:44  Ultralisk x6  
  164  16:45  Ultralisk  
  195  16:52  Zergling x2  
  195  16:53  Zergling x6  
  148  17:27  Roach  
  148  17:28  Roach x25  
  148  17:29  Roach x4  
  199  18:00  Hydralisk  
  199  18:11  Spine Crawler  
  199  18:12  Spine Crawler  
  197  18:14  Zergling x10  
  196  18:29  Zergling x2  
  196  18:30  Zergling x6  
  197  18:41  Zergling x10  
  151  19:12  Zergling x2  
  151  19:13  Zergling x8  
  156  19:20  Hydralisk  
  158  19:40  Ultralisk x4  
  158  19:42  Queen  
  158  19:43  Queen  
  186  19:49  Hatchery  
  182  20:18  Queen  
  168  20:27  Hatchery  
  154  20:44  Hydralisk x3  
  154  20:45  Hydralisk x3  
  166  20:54  Queen  
  168  21:00  Hatchery  
  168  21:02  Hydralisk  
  168  21:03  Hydralisk  
  171  21:29  Drone x4, Hatchery  
  118  21:55  Zergling x2  
  118  21:56  Zergling x10  
  111  22:13  Ultralisk  
  117  22:32  Drone  
  117  22:33  Drone x4  
  122  22:56  Corruptor x3  
  126  23:04  Zerg Flyer Weapons Level 1  
  126  23:13  Hydralisk x2  
  130  23:20  Spore Crawler  
  117  23:43  Corruptor x3  
  117  23:44  Corruptor  
  125  23:52  Spine Crawler  
  100  24:31  Hydralisk x7  
  66  25:00  Corruptor x3  
  66  25:15  Lurker x2  
  67  25:26  Corruptor x2  
  62  25:50  Zergling x10  
  62  25:51  Zergling x4  
  69  25:58  Lurker x2  
  48  26:18  Hydralisk x3  
  45  26:19  Hydralisk  
  51  26:34  Mutalisk  
  47  26:50  Spawning Pool  
  43  27:07  Evolution Chamber  
  18  27:43  Drone  
Tags
 
Add a new tag
Caveats
  • Supply blocks, unpowered buildings, or Contaminate may cause inaccurate times.
  • Supply counts are checked every 10 seconds.